 Dungeon Crawl Stone Soup version 0.27-a0-978-g2aa4ecdaef (webtiles) character file.

Game seed: 10214393360197909184

2279 wakim the Fighter (level 9, -10/70 HPs)
             Began as a Djinni Venom Mage on Apr 14, 2021.
             Was an Elder of Okawaru.
             Mangled by a wraith (12 damage)
             ... on level 6 of the Dungeon.
             The game lasted 00:22:23 (9007 turns).

wakim the Fighter (Djinni Venom Mage)               Turns: 9007, Time: 00:22:24

Health: -10/70     AC: 14    Str:  7    XL:     9   Next: 39%
Gold:   316        EV: 15    Int: 19    God:    Okawaru [****..] SH:  0 Dex: 15

rFire    + + .     SeeInvis +   b - +1 dagger (venom)
rCold    x . .     Faith    +   (no shield)
rNeg     . . .     Spirit   .   m - +3 leather armour
rPois    ∞         Reflect  .   n - +1 helmet
rElec    .         Harm     .   (no cloak)
rCorr    .         Rampage  .   d - +0 pair of gloves
Will     .....                  (boots unavailable)
Stlth    +++.......             f - amulet of faith
HPRegen  0.21/turn              g - ring of see invisible
MPRegen  0.00/turn              j - +4 ring of protection

@: heroic, flying, slowed, very slow
A: fire resistance 2, cold vulnerability 1, float, innate caster, hp casting,
extra vitality 1
a: Renounce Religion, Heroism


You were on level 6 of the Dungeon.
You worshipped Okawaru.
Okawaru was greatly pleased with you.
You visited 1 branch of the dungeon, and saw 7 of its levels.
You also visited: Sewer.

You collected 316 gold pieces.

Inventory:

Hand Weapons
 a - a +1 vampiric war axe
 b - a +1 dagger of venom (weapon)
Missiles
 c - 9 curare-tipped darts {=f}
Armour
 d - a +0 pair of gloves (worn)
 m - a +3 leather armour (worn)
 n - a +1 helmet (worn)
Jewellery
 f - an amulet of faith (around neck)
 g - a ring of see invisible (left hand)
 j - a +4 ring of protection (right hand)
Wands
 u - a wand of mindburst (9)
Scrolls
 T - 3 scrolls of teleportation
 Y - a scroll of blinking {!r}
Potions
 A - a potion of ambrosia
 B - a potion of attraction {!q}
 D - 2 potions of brilliance
 E - a potion of cancellation
 F - a potion of curing
 J - a potion of heal wounds
 L - 2 potions of lignification {!q}
 N - 4 potions of might


   Skills:
 + Level 8.2(13.2) Fighting
 * Level 4.2(9.2) Dodging
 - Level 1.5(6.5) Stealth
 + Level 7.5 Spellcasting
 * Level 0.9 Invocations


You had one spell level left.
You knew the following spells:

 Your Spells              Type           Power      Damage    Failure   Level
a - Sting                 Tmut/Pois      100%       1d8       1%          1
b - Ignite Poison         Fire/Tmut/Pois 35%        N/A       1%          3
c - Apportation           Tloc           70%        N/A       1%          1
d - Blink                 Tloc           N/A        N/A       1%          2
e - Cause Fear            Hex            17%        N/A       6%          4
f - Mephitic Cloud        Conj/Pois/Air  35%        N/A       1%          3
q - Passwall              Tmut/Erth      29%        N/A       1%          2
x - Poisonous Vapours     Pois/Air       70%        N/A       1%          2
y - Olgreb's Toxic Radia  Pois           35%        N/A       6%          4
Your spell library was empty.

Dungeon Overview and Level Annotations

Branches:
Dungeon (7/15)              Sewer (visited)
 Temple: D:4-7

Altars:
Cheibriados
Hepliaklqana
Okawaru
Uskayaw
Yredelemnul
Beogh
Lugonu

Portals:
Abyss: D:4

Annotations:
D:3 3 runed translucent doors, Killmatronix's ghost, amateur SpBe


Innate Abilities, Weirdness & Mutations

You are immune to poison.
Your flesh is very heat resistant. (rF++)
You are vulnerable to cold. (rC-)
You float through the air rather than walking.
You learn spells naturally, not from books.
Your magical power is your life essence.
You have superior vitality. (+4 HP)


Message History

The wraith hits you but does no damage.
You closely miss the wraith. Your punch misses the wraith.
The wraith is heavily damaged.
You feel like a meek peon again. The wraith hits you.
* * * LOW HITPOINT WARNING * * *
The wraith drains your vigour!
You feel as though you will be slow longer.
Aiming: Mindburst
Press: ? - help, Shift-Dir - straight line, f - wraith
Aim: a wraith (heavily damaged, chance to affect: 30%)
The wraith easily resists.
The wraith hits you.
* * * LOW HITPOINT WARNING * * *
The wraith drains your vigour!
You feel as though you will be slow longer.
Aiming: Mindburst
Press: ? - help, Shift-Dir - straight line, f/p - wraith
Aim: a wraith (heavily damaged, chance to affect: 30%)
The wraith easily resists.
The wraith hits you but does no damage. The wraith barely misses you.
Aiming: Mindburst
Press: ? - help, Shift-Dir - straight line, f/p - wraith
Aim: a wraith (heavily damaged, chance to affect: 30%)
The wraith easily resists.
The wraith misses you.
Unknown command.
The wraith hits you but does no damage. The wraith hits you but does no damage.
The wraith closely misses you. The wraith misses you.
You gain the combat prowess of a mighty hero.
The wraith closely misses you.
Aiming: Mindburst
Press: ? - help, Shift-Dir - straight line, f/p - wraith
Aim: a wraith (heavily damaged, chance to affect: 30%)
The wraith's mind is blasted!
The wraith hits you!
* * * LOW HITPOINT WARNING * * *
The wraith drains your vigour!
You feel as though you will be slow longer.
The wraith hits you!
You die...

...#
##...........##........##
#. .###
#...........#..........###.
##
##..#...#...........)......
##.##..#....#.............
#......#..#<..............
#.#.#.....##....<...).....
#.#.#.#..........###......
#.....#........<.#########
###......@........######
##.##.W..###.........#
#...................#
###.#...###...).....#
#####.(....##......<..#
#...........#.........###
#........................
#.....................###
#.)..........########## #


You could see a wraith.

Vanquished Creatures
  A steam dragon (D:6)
  An ice beast (D:6)
  A sky beast (D:6)
  2 orc warriors (D:5)
  3 ogres (D:5)
  A centaur (D:5)
  A phantom (D:5)
  7 kobold brigands
  A scorpion (D:5)
  A bullfrog zombie (D:5)
  2 jellies
  A gnoll shaman (D:6)
  3 hounds
  An orc priest (D:5)
  2 iguanas (D:6)
  5 orc wizards
  Robin (D:3)
  7 gnolls
  A howler monkey skeleton (D:5)
  13 adders
  2 river rats (Sewer)
  An ufetubus (D:5)
  2 adder skeletons (D:4)
  4 worms
  A dart slug (D:2)
  33 orcs
  9 ball pythons
  5 bats
  9 endoplasms
  6 giant cockroaches
  18 goblins
  7 hobgoblins
  16 kobolds
  5 quokkas
  A frilled lizard (D:2)
  8 rats
  A spectral kobold (D:6)
  2 lurking horrors (D:4)
185 creatures vanquished.

Notes
Turn   | Place    | Note
-------+----------+-------------------------------------------
     0 | D:1      | wakim the Djinni Venom Mage began the quest for the Orb.
     0 | D:1      | Reached XP level 1. HP: 15/15 MP: 0/0
    94 | D:1      | You are sucked into a shaft and drop 1 floor!
   117 | D:2      | Reached XP level 2. HP: 5/22 MP: 0/0
   480 | D:2      | Reached skill level 1 in Fighting
   717 | D:2      | Reached XP level 3. HP: 22/27 MP: 0/0
   717 | D:2      | Learned a level 1 spell: Apportation
  1861 | D:2      | Reached XP level 4. HP: 30/32 MP: 0/0
  3312 | D:3      | Reached skill level 2 in Fighting
  3353 | D:3      | Found a faded altar of an unknown god.
  3362 | D:3      | Became a worshipper of Warmaster Okawaru
  3362 | D:3      | Reached * piety under Okawaru
  3390 | D:3      | Found a hide-covered altar of Uskayaw.
  3390 | D:3      | Found a basalt altar of Yredelemnul.
  3402 | D:3      | Noticed Robin
  3409 | D:3      | Killed Robin
  3410 | D:3      | Reached XP level 5. HP: 25/38 MP: 0/0
  3410 | D:3      | Learned a level 2 spell: Blink
  3731 | D:3      | Found a runed translucent gate.
  3731 | D:3      | Found a runed translucent gate.
  3731 | D:3      | Found a runed translucent gate.
  3732 | D:3      | Noticed Killmatronix's ghost (amateur SpBe)
  4454 | D:4      | Noticed a kobold brigand
  4454 | D:4      | Noticed a kobold brigand
  4469 | D:4      | Killed a kobold brigand
  4470 | D:4      | Reached skill level 3 in Fighting
  4470 | D:4      | Reached XP level 6. HP: 15/46 MP: 0/0
  4599 | D:4      | Found a glowing drain.
  4609 | Sewer    | Entered a sewer
  4800 | Sewer    | Reached ** piety under Okawaru
  4801 | Sewer    | Reached skill level 4 in Fighting
  4808 | Sewer    | Reached XP level 7. HP: 45/53 MP: 0/0
  4808 | Sewer    | Learned a level 2 spell: Passwall
  5303 | Sewer    | Reached skill level 5 in Fighting
  5303 | Sewer    | Reached skill level 5 in Spellcasting
  5830 | D:4      | Found a one-way gate to the infinite horrors of the Abyss.
  5831 | D:4      | Found a corrupted altar of Lugonu.
  6271 | D:5      | Entered Level 5 of the Dungeon
  6308 | D:5      | Reached XP level 8. HP: 38/60 MP: 0/0
  6782 | D:5      | Found a runed translucent door.
  7137 | D:5      | Reached skill level 6 in Fighting
  7144 | D:5      | Reached *** piety under Okawaru
  7695 | D:5      | Found a snail-covered altar of Cheibriados.
  7852 | D:5      | Reached skill level 7 in Fighting
  7852 | D:5      | Reached XP level 9. HP: 61/68 MP: 0/0
  7852 | D:5      | Learned a level 4 spell: Cause Fear
  8057 | D:6      | Reached **** piety under Okawaru
  8089 | D:6      | Reached skill level 8 in Fighting
  8834 | D:6      | Found a hazy altar of Hepliaklqana.
  9007 | D:6      | HP: 2/70 [wraith (8)]
  9007 | D:6      | Mangled by a wraith

Illustrated notes

Levels and vault maps discovered:
D:1:      dpeg_arrival_boxes_within_box, layout_rooms
D:2:      layout_loops_corners, kennysheep_generic_room_4
D:3:      layout_rooms, chequers_temple_overflow_statue_of_worship,
          basic_ecumenical_altar, gammafunk_ghost_necromancy,
          minmay_stone_trees_large, uniq_robin
D:4:      cheibrodos_thug_alley, layout_basic, portal_sewer_entry_b,
          amcnicky_altar_lugonu_corruption
D:5:      layout_basic, kennysheep_little_box, grunt_ministairs_6,
          lightli_church_of_beogh
D:6:      layout_rooms, nicolae_hepliaklqana_monster_ancestors
D:7:      layout_cave_pools, temple_green, gammafunk_ghost_stat_death

Skill      XL: |  1  2  3  4  5  6  7  8  9 |
---------------+----------------------------+-----
Fighting       | 1 2 3 4 5 7 8 |  8.2
Dodging        | 3 4 |  4.2
Spellcasting   | 3 4 5 6 7 |  7.5
Stealth        | |  1.5
Invocations    | |  0.9

Action                   |  1- 3 |  4- 6 |  7- 9 || total
-------------------------+-------+-------+-------++-------
Melee: Short sword       |       |     1 |       ||     1
       Dagger            |       |     7 |    96 ||   103
       War axe           |       |       |    39 ||    39
 Cast: Sting             |    14 |     8 |     2 ||    24
       Poisonous Vapours |    21 |    58 |    45 ||   124
       Olgreb's Toxic Ra |       |     9 |    12 ||    21
       Ignite Poison     |       |     6 |    27 ||    33
Invok: Heroism           |       |       |     4 ||     4
Evoke: Wand              |       |       |     4 ||     4
  Use: Scroll            |       |    10 |     8 ||    18
       Potion            |       |       |     3 ||     3
Armor: Robe              |     2 |     9 |    10 ||    21
       Leather armour    |       |       |    58 ||    58
Dodge: Dodged            |    10 |    40 |    94 ||   144

Table legend: (Time is in decaauts)
 A = Elapsed time spent in this place.
 B = Non-inter-level travel time spent in this place.
 C = Inter-level travel time spent in this place.
 D = Time resting spent in this place.
 E = Time spent auto-exploring this place.
 F = Levels seen in this place.
 G = Mean time per level.
                   A        B        C        D        E       F      G
               +--------+--------+--------+--------+--------+-----+--------+
         Total |   9045 |   8739 |    306 |    134 |   7218 |   8 | 1130.6 |
       Dungeon |   8272 |   7966 |    306 |      0 |   6717 |   7 | 1181.7 |
         Sewer |    773 |    773 |      0 |    134 |    501 |   1 |  773.0 |
               +--------+--------+--------+--------+--------+-----+--------+

Top non-repeatable levels by time:
     D:2: 2287 daAuts
     D:5: 1700 daAuts
     D:4: 1256 daAuts
     D:3: 992 daAuts
     D:1: 960 daAuts
     D:6: 960 daAuts
   Sewer: 773 daAuts
     D:7: 114 daAuts
